 Dungeon Crawl Stone Soup version 0.24-a0-445-gd5110b030a (webtiles) character file.

Game seed: 11470430761627004117

424 vurker the Cleaver (level 6, -5/57 HPs)
             Began as a Hill Orc Monk on June 22, 2019.
             Was a Believer of Beogh.
             Slain by Sigmund
             ... wielding a +0 scythe
              (9 damage)
             ... on level 4 of the Dungeon.
             The game lasted 00:05:33 (3842 turns).

vurker the Cleaver (Hill Orc Monk)                  Turns: 3842, Time: 00:05:34

Health: -5/57      AC:  6    Str: 16    XL:     6   Next: 96%
Magic:  6/6        EV: 16    Int:  8    God:    Beogh [**....]
Gold:   142        SH:  0    Dex: 22    Spells: 5/5 levels left

rFire    . . .     SeeInvis .   a - +0 hand axe
rCold    . . .     Gourm    +   (no shield)
rNeg     . . .     Faith    .   l - +0 scale mail
rPois    .         Spirit   .   (no helmet)
rElec    .         Reflect  .   (no cloak)
rCorr    +         Harm     .   (no gloves)
MR       .....     Clarity  +   (no boots)
Stlth    ++........             t - amulet of the gourmand
HPRegen  0.19/turn              k - +2 ring of dexterity
MPRegen  0.10/turn              n - ring of resist corrosion

@: agile, flying
A: agile 1, clarity, dopey 1
a: Smiting, Renounce Religion


You were on level 4 of the Dungeon.
You worshipped Beogh.
Beogh was pleased with you.
You were very full.

You visited 1 branch of the dungeon, and saw 4 of its levels.

You collected 142 gold pieces.

Inventory:

Hand Weapons
 a - a +0 hand axe (weapon)
Armour
 l - a +0 scale mail (worn)
   (You found it on level 2 of the Dungeon)
Jewellery
 k - a +2 ring of dexterity (left hand)
   (You found it on level 2 of the Dungeon)
 n - a ring of resist corrosion (right hand)
   (You found it on level 3 of the Dungeon)
 t - an amulet of the gourmand (around neck)
   (You found it on level 3 of the Dungeon)
Scrolls
 d - a scroll of blinking {unknown}
 f - a scroll of enchant weapon {unknown}
 g - 6 scrolls of identify {unknown}
 p - a scroll of fog {unknown}
 r - a scroll of teleportation {unknown}
 u - a scroll of noise {unknown}
Potions
 b - a potion of agility
 c - a potion of flight
 h - a potion of brilliance {unknown}
 i - a potion of degeneration {unknown}
 j - a potion of heal wounds {unknown}
 o - a potion of curing {unknown}
 q - 2 potions of mutation {!q}
 s - 2 potions of ambrosia {unknown}
Comestibles
 e - 6 rations {!d}


   Skills:
 + Level 5.9 Fighting
 * Level 8.5 Axes
 - Level 2.4 Dodging
 - Level 1.5 Stealth


You had 5 spell levels left.
You didn't know any spells.
Your spell library contained the following spells:

 Spells                   Type           Power        Failure   Level  Hunger
 Confusing Touch          Hex            #.....       86%         1    ##.....
 Confuse                  Hex            #.......     99%         3    ####...
 Gell's Gravitas          Tloc           #.........   99%         3    ####...
 Petrify                  Tmut/Erth      #.......     100%        4    #####..
 Metabolic Englaciation   Hex/Ice        #.........   100%        5    ######.
 Yara's Violent Unravell  Hex/Tmut       #.........   100%        5    ######.


Dungeon Overview and Level Annotations

Branches:
Dungeon (4/15)
 Temple: D:4-7

Altars:
Gozag
Ru

Annotations:
D:4 Sigmund


Innate Abilities, Weirdness & Mutations

You are agile. (Dex +2)
You possess an exceptional clarity of mind.
You are dopey. (Int -2)


Message History

The orc priest shouts, "Join the one true god or die!" (press Y on the ability menu to convert to Beogh)
You hit the orc but do no damage. The orc barely misses you.
Sigmund barely misses you.
The orc priest begins to cast a cantrip, but forgets the words!
Okay, then.
You barely miss Sigmund. You hit the orc but do no damage.
The orc hits you with a cursed -1 flail!
The orc hits you but does no damage.
Sigmund casts a spell.
Sigmund flickers and vanishes!
Deactivating autopickup; reactivate with Ctrl-A.
The orc hits you with a cursed -1 flail.
* * * LOW HITPOINT WARNING * * *
It was a potion of flight.
You feel very buoyant.
You fly up into the air.
You feel less confused. The orc hits you but does no damage. x2
Something hits you.
* * * LOW HITPOINT WARNING * * *
The orc completely misses you.
Okay, then.
You bow before the missionary of Beogh.
Beogh welcomes you!
You can now smite your foes.
With a roar of approval, the orcs welcome you as one of their own, and spare your life.
Something hits you.
* * * LOW HITPOINT WARNING * * *
You swap places.
Something hits you but does no damage. Something hits you.
* * * LOW HITPOINT WARNING * * *
You hit something. You closely miss something. Something hits you!
* * * LOW HITPOINT WARNING * * *
It was a potion of agility.
You feel agile all of a sudden. Something hits you.
* * * LOW HITPOINT WARNING * * *
You feel more buoyant.
You completely miss something. Something hits you.
* * * LOW HITPOINT WARNING * * *
You feel more buoyant.
It was a potion of mutation.
You feel extremely strange.
You feel stupid.
Your thoughts seem clearer.
You feel agile. Something hits you!
You die...

## # ..####### .#
#.......#########..#
#................#.
#...#).......oo...
#............o...
##....{@.........
##.)#########...
#...## ##...##
###...## ##......##
#........## .# ###
#.........###.###.#
#
#.........>##.##..#
#


You could see 3 neutral orcs.

Vanquished Creatures
  Grinder (D:4)
  Blork the orc (D:3)
  A scorpion (D:4)
  3 adders
  2 oozes
  2 worms
  A dart slug (D:1)
  4 leopard geckos
  4 orcs
  6 giant cockroaches
  7 goblins
  12 hobgoblins
  4 jackals (D:2)
  6 kobolds
  A quokka (D:3)
  3 ball pythons
  4 bats
  5 frilled lizards
  A jackal skeleton (D:4)
  9 rats
77 creatures vanquished.

Notes
Turn   | Place    | Note
-------+----------+-------------------------------------------
     0 | D:1      | vurker the Hill Orc Monk began the quest for the Orb.
     0 | D:1      | Reached XP level 1. HP: 19/19 MP: 1/1
   221 | D:1      | Reached XP level 2. HP: 27/27 MP: 2/2
   726 | D:1      | Reached skill level 5 in Axes
   817 | D:1      | Reached XP level 3. HP: 28/33 MP: 3/3
  1639 | D:2      | Found a sacrificial altar of Ru.
  1872 | D:2      | Reached XP level 4. HP: 37/41 MP: 4/4
  2296 | D:3      | Found an opulent altar of Gozag.
  2315 | D:3      | Reached skill level 6 in Axes
  3111 | D:4      | Noticed Blork the orc
  3122 | D:3      | Killed Blork the orc
  3122 | D:3      | Reached skill level 5 in Fighting
  3122 | D:3      | Reached XP level 5. HP: 36/48 MP: 5/5
  3225 | D:4      | Reached skill level 7 in Axes
  3448 | D:4      | Noticed Grinder
  3456 | D:4      | Reached XP level 6. HP: 54/56 MP: 6/6
  3475 | D:4      | Killed Grinder
  3475 | D:4      | Reached skill level 8 in Axes
  3806 | D:4      | Noticed Sigmund
  3830 | D:4      | Became a worshipper of Beogh the Brigand
  3830 | D:4      | Reached * piety under Beogh
  3830 | D:4      | Reached ** piety under Beogh
  3842 | D:4      | Gained mutation: You are dopey. (Int -2) [potion of
                  | mutation]
  3842 | D:4      | Gained mutation: You possess an exceptional clarity of
                  | mind. [potion of mutation]
  3842 | D:4      | Gained mutation: You are agile. (Dex +2) [potion of
                  | mutation]
  3842 | D:4      | Slain by Sigmund

Levels and vault maps discovered:
D:1:      dpeg_arrival_arbitrary_a, layout_loops_corners, minmay_pentomino_p4
D:2:      layout_basic, lemuel_crystal_altar
D:3:      layout_basic, first_ration, grunt_gozag_statues
D:4:      layout_cave_pods, kennysheep_mini, kennysheep_mini_moat,
          makhleb_altar_promises_db, uniq_grinder, uniq_sigmund,
          uniq_blork_the_orc

Skill      XL: |  1  2  3  4  5  6 |
---------------+-------------------+-----
Fighting       | 4 5 |  5.9
Axes           | 5 6 7 8 |  8.5
Dodging        | |  2.4
Stealth        | |  1.5

Action                   |  1- 3 |  4- 6 || total
-------------------------+-------+-------++-------
Melee: Hand axe          |   134 |   174 ||   308
Invok: Convert to Beogh  |       |     1 ||     1
  Use: Potion            |       |     5 ||     5
 Stab: Sleeping          |     2 |       ||     2
  Eat: Ration            |     1 |       ||     1
       Chunk             |       |    17 ||    17
Armor: Robe              |    21 |     1 ||    22
       Scale mail        |       |    59 ||    59
Dodge: Dodged            |    79 |    95 ||   174

Table legend:
 A = Non-vault XP
 B = Vault XP
 C = Vault XP percentage of total XP
 D = Non-vault monster count
 E = Vault monster count
 F = Vault count percentage of total count
                 A         B        C        D         E       F
            +---------+---------+-------+---------+---------+-------
      Total |     251 |     355 |  58.6 |      73 |       4 |   5.2
            +---------+---------+-------+---------+---------+-------
        D:1 |      48 |       3 |   5.9 |      24 |       2 |   7.7
        D:2 |      51 |       0 |   0.0 |      19 |       0 |   0.0
        D:3 |      59 |      85 |  59.0 |      23 |       1 |   4.2
        D:4 |      93 |     267 |  74.2 |       7 |       1 |  12.5
            +---------+---------+-------+---------+---------+-------
